 Dungeon Sprint DCSS version 0.21-a0-278-ga722497 (webtiles) character file.

109 vatarom the Slasher (level 4, -1/39 HPs)
             Began as a Demonspawn Monk on Sept 21, 2017.
             Slain by Sigmund
             ... wielding a +0 scythe of venom
              (11 damage)
             ... in the Dungeon (Sprint I: "Red Sonja").
             The game lasted 00:00:37 (357 turns).

vatarom the Slasher (Demonspawn Monk)                Turns: 357, Time: 00:00:38

Health: -1/39      AC:  5    Str: 12    XL:     4   Next: 60%
Magic:  4/4        EV: 14    Int: 11    God:
Gold:   54         SH:  0    Dex: 16    Spells: 3/3 levels left

rFire    . . .     SeeInvis .   a - +0 falchion
rCold    . . .     Gourm    .   (no shield)
rNeg     . . .     Faith    .   k - +0 leather armour
rPois    .         Spirit   .   (no helmet)
rElec    .         Reflect  .   (no cloak)
rCorr    .         Harm     .   (no gloves)
MR       .....     NoTele   +   (no boots)
Stlth    ++........             (no amulet)
HPRegen  0.13/turn              (no ring)
MPRegen  0.09/turn              (no ring)

@: lethally poisoned (-1 -> -9), hasted, very quick
A: talons 1, thin metallic scales 1, demonic guardian 1
a: no special abilities


You were in the Dungeon.
You were not hungry.

You visited 1 branch You collected 54 gold pieces.

Inventory:

Hand Weapons
 a - a +0 falchion (weapon)
Armour
 k - a +0 leather armour (worn)
Wands
 j - a wand of digging (5/24)
Scrolls
 i - a scroll of blinking
Potions
 g - 2 potions of magic
Comestibles
 c - a bread ration


   Skills:
 + Level 5.5 Fighting
 * Level 6.5 Long Blades
 + Level 4.9 Dodging
 - Level 1.7 Stealth


You had 3 spell levels left.
You didn't know any spells.

Dungeon Overview and Level Annotations

Branches:
Dungeon (1/1)

Altars:

Annotations:
D Sigmund


Innate Abilities, Weirdness & Mutations

You have sharp toenails.
You are partially covered in thin metallic scales. (AC +2)
A weak demonic guardian rushes to your aid.


Message History

You feel very sick.
You closely miss something.
You feel very sick. Something closely misses you.
You closely miss something.
You feel sick. Something hits you!
* * * LOW HITPOINT WARNING * * *
You are more poisoned.
You feel better.
You feel yourself speed up.
Your white imp disappears in a puff of smoke!
Something barely misses you.
You closely miss something. You completely miss something.
Something barely misses you.
You hit something. You claw something. You barely miss something.
You claw something. Something hits you.
You are poisoned.
You slash something! You claw something.
You feel sick.
You closely miss something. You claw something.
You feel sick. Something hits you!
You die...

#############
#<.#.[).@#..+
#..'..#..{..#
#..#####'####
#..# #..#
#..# ####
#..# #⌠⌠#
####


There were no monsters in sight!

Vanquished Creatures
  An ogre (D)
  Ijyb (D)
2 creatures vanquished.

Notes
Turn   | Place    | Note
-------+----------+-------------------------------------------
     0 | D        | vatarom the Demonspawn Monk began the quest for the Orb.
     0 | D        | Reached XP level 1. HP: 18/18 MP: 1/1
     1 | D        | Noticed Ijyb
    15 | D        | Killed Ijyb
    15 | D        | Reached skill level 4 in Long Blades
    15 | D        | Gained mutation: You are partially covered in thin metallic scales. (AC +2) [demonic ancestry]
    15 | D        | Reached XP level 2. HP: 8/25 MP: 2/2
   191 | D        | Noticed an ogre
   208 | D        | Killed an ogre
   208 | D        | Reached skill level 5 in Fighting
   208 | D        | Reached skill level 6 in Long Blades
   208 | D        | Gained mutation: A weak demonic guardian rushes to your aid. [demonic ancestry]
   208 | D        | Reached XP level 3. HP: 22/33 MP: 3/3
   208 | D        | Gained mutation: You have sharp toenails. [demonic ancestry]
   208 | D        | Reached XP level 4. HP: 26/39 MP: 4/4
   339 | D        | Noticed Sigmund
   357 | D        | Slain by Sigmund

Vault maps used:
D:        dungeon_sprint_1

Skill      XL: |  1  2 |
---------------+-------+-----
Fighting       | 4 5 |  5.5
Long Blades    | 4 6 |  6.5
Dodging        | 3 4 |  4.9
Stealth        | |  1.7

Action                   |  1- 3 |  4- 6 || total
-------------------------+-------+-------++-------
Melee: Falchion          |    16 |     8 ||    24
       Kick              |       |     4 ||     4
  Use: Potion            |     1 |     3 ||     4
Armor: Robe              |     1 |       ||     1
Dodge: Dodged            |     7 |     3 ||    10
       Rpst.: Falchion   |     3 |       ||     3

Table legend:
 A = Spawn XP
 B = Non-spawn XP
 C = Spawn XP percentage of total XP
 D = Spawn monster count
 E = Non-spawn monster count
 F = Spawn count percentage of total count
 G = Total turns spent on level
                    A         B        C        D         E        F      G
               +---------+---------+-------+---------+---------+-------+---------
         Total |       0 |     157 |   0.0 |       0 |       2 |   0.0 |   357
               +---------+---------+-------+---------+---------+-------+---------
             D |       0 |     157 |   0.0 |       0 |       2 |   0.0 |   357
               +---------+---------+-------+---------+---------+-------+---------
